2809 views
Uploaded 2020-02-15 15:50:04
Game version 1.32 / 1.32.1
21:22 long 4on4 ladder game on (8)Battleground_LV
Saved by TALONSARIMBA
2809 views
Uploaded 2020-02-15 15:50:04
Game version 1.32 / 1.32.1
21:22 long 4on4 ladder game on (8)Battleground_LV


129 units @ 19.1k
/ 2.2k
82 buildings @ 11.5k
/ 5.1k

| Rod of Necromancy | 1 | 150 |
| total: | 1 | 150g |
| Acolyte | 2 | 150 | / | 0 |
| Ghoul | 2 | 240 | / | 0 |
| Crypt Fiend | 9 | 1935 | / | 360 |
| total: | 13 | 2325g | / | 360w |
| Altar of Darkness | 1 | 180 | / | 50 |
| Ziggurat | 4 | 600 | / | 200 |
| Crypt | 1 | 200 | / | 50 |
| Graveyard | 1 | 215 | / | 0 |
| Tomb of Relics | 1 | 130 | / | 30 |
| Halls of the Dead | 2 | 640 | / | 420 |
| total: | 8 | 1325g | / | 330w |
| 0:05 | Acolyte |
| 0:05 | Acolyte |
| 0:25 | Altar of Darkness |
| 0:30 | Ziggurat |
| 0:34 | Crypt |
| 1:10 | Graveyard |
| 1:30 | Ziggurat |
| 1:35 | Tomb of Relics |
| 1:41 | Ghoul |
| 2:03 | Ghoul |
| 2:34 | Crypt Fiend |
| 2:34 | Crypt Fiend |
| 2:37 | Crypt Fiend |
| 2:44 | Ziggurat |
| 2:47 | Rod of Necromancy |
| 3:04 | Death Coil |
| 3:13 | Crypt Fiend |
| 4:38 | Crypt Fiend |
| 4:38 | Crypt Fiend |
| 5:06 | Unholy Aura |
| 5:48 | Crypt Fiend |
| 5:48 | Crypt Fiend |
| 5:50 | Halls of the Dead |
| 7:17 | Crypt Fiend |
| 7:40 | Ziggurat |
| 7:50 | Creature Attack |
| 8:10 | Web |
| 8:52 | Death Coil |
| Right click | 285 |
| Select | 117 |
| Misc. action | 36 |
| Build/train/purchase | 27 |
| Use ability | 7 |
| Remove unit | 1 |


| Healing Salve | 4 | 400 |
| Lesser Clarity Potion | 2 | 140 |
| total: | 6 | 540g |
| Peon | 16 | 1200 | / | 0 |
| Grunt | 9 | 1800 | / | 0 |
| Kodo Beast | 2 | 510 | / | 120 |
| Demolisher | 2 | 440 | / | 100 |
| Wind Rider | 8 | 2120 | / | 320 |
| Troll Witch Doctor | 3 | 435 | / | 75 |
| Troll Batrider | 3 | 480 | / | 120 |
| Ogre Mauler | 1 | 300 | / | 0 |
| total: | 44 | 7285g | / | 735w |
| Altar of Storms | 1 | 180 | / | 50 |
| Orc Burrow | 6 | 960 | / | 240 |
| Barracks | 1 | 180 | / | 50 |
| War Mill | 2 | 410 | / | 0 |
| Voodoo Lounge | 1 | 130 | / | 30 |
| Great Hall | 1 | 385 | / | 185 |
| Spirit Lodge | 1 | 150 | / | 150 |
| Beastiary | 1 | 145 | / | 140 |
| Stronghold | 2 | 630 | / | 380 |
| Fortress | 2 | 650 | / | 380 |
| total: | 14 | 2540g | / | 845w |
| 0:03 | Peon |
| 0:05 | Altar of Storms |
| 0:09 | Orc Burrow |
| 0:11 | Peon |
| 0:26 | Barracks |
| 0:37 | Peon |
| 0:37 | Peon |
| 0:54 | Peon |
| 1:12 | Peon |
| 1:25 | Orc Burrow |
| 1:28 | Peon |
| 1:35 | Grunt |
| 1:35 | Grunt |
| 1:44 | Peon |
| 1:56 | Peon |
| 2:07 | Feral Spirit |
| 2:28 | Grunt |
| 2:34 | War Mill |
| 3:21 | Voodoo Lounge |
| 3:41 | Grunt |
| 3:43 | Stronghold |
| 4:14 | Chain Lighting |
| 4:35 | Steel Armor |
| 5:06 | Grunt |
| 6:07 | Orc Burrow |
| 6:10 | Orc Burrow |
| 6:49 | Peon |
| 7:01 | Feral Spirit |
| 7:10 | Fortress |
| 7:20 | Spirit Lodge |
| 7:23 | Steel Melee Weapons |
| 7:24 | Thorium Armor |
| 7:28 | Beastiary |
| 7:40 | Grunt |
| 7:41 | Grunt |
| 8:02 | Healing Salve |
| 8:40 | Healing Salve |
| 8:40 | Lesser Clarity Potion |
| 8:51 | Kodo Beast |
| 9:26 | Chain Lighting |
| 9:45 | Kodo Beast |
| 9:50 | Demolisher |
| 9:50 | Demolisher |
| 9:51 | Burning Oil |
| 10:10 | War Stomp |
| 10:15 | Grunt |
| 10:15 | Grunt |
| 10:36 | Shockwave |
| 10:42 | Thorium Melee Weapons |
| 11:06 | Wind Rider |
| 11:06 | Envenomed Spears |
| 11:18 | Feral Spirit |
| 11:59 | Wind Rider |
| 12:11 | Healing Salve |
| 12:11 | Lesser Clarity Potion |
| 12:18 | Witch Doctor Adept Training |
| 13:17 | Wind Rider |
| 13:17 | Wind Rider |
| 13:42 | War Mill |
| 13:54 | Witch Doctor Master Training |
| 13:54 | Troll Witch Doctor |
| 14:01 | Orc Burrow |
| 14:02 | Orc Burrow |
| 14:17 | Wind Rider |
| 14:36 | Great Hall |
| 14:48 | Wind Rider |
| 15:04 | Healing Salve |
| 15:16 | Troll Witch Doctor |
| 15:17 | Troll Witch Doctor |
| 15:40 | Steel Ranged Weapons |
| 16:08 | Wind Rider |
| 16:08 | Wind Rider |
| 16:40 | Ogre Mauler |
| 17:02 | Peon |
| 17:02 | Peon |
| 17:02 | Peon |
| 17:24 | Peon |
| 17:24 | Peon |
| 18:42 | Troll Batrider |
| 18:44 | Troll Batrider |
| 18:45 | Troll Batrider |
| 19:02 | Arcanite Melee Weapons |
| 19:03 | Arcanite Armor |
| 19:03 | Thorium Ranged Weapons |
| 19:10 | Peon |
| 19:33 | Chain Lighting |
| Right click | 1151 |
| Select | 477 |
| Build/train/purchase | 96 |
| Use ability | 22 |
| Resource trade | 4 |
| Misc. action | 3 |
| Remove unit | 3 |

| Potion of Healing | 2 | 300 |
| Scroll of Town Portal | 2 | 700 |
| total: | 4 | 1000g |
| Peasant | 11 | 825 | / | 0 |
| Footman | 11 | 1485 | / | 0 |
| Crypt Fiend | 21 | 4515 | / | 840 |
| total: | 43 | 6825g | / | 840w |
| Scout Tower | 4 | 120 | / | 80 |
| Guard Tower | 4 | 280 | / | 200 |
| Altar of Kings | 1 | 180 | / | 50 |
| Farm | 5 | 400 | / | 100 |
| Barracks | 2 | 320 | / | 120 |
| Lumber Mill | 1 | 120 | / | 0 |
| Blacksmith | 1 | 140 | / | 60 |
| Arcane Vault | 1 | 130 | / | 30 |
| Town Hall | 1 | 385 | / | 205 |
| Keep | 1 | 320 | / | 210 |
| Nerubian Tower | 6 | 600 | / | 120 |
| Crypt | 1 | 200 | / | 50 |
| Ziggurat | 4 | 600 | / | 200 |
| Black Citadel | 1 | 325 | / | 230 |
| total: | 21 | 2595g | / | 895w |
| 0:04 | Peasant |
| 0:04 | Peasant |
| 0:29 | Altar of Kings |
| 0:38 | Farm |
| 0:43 | Peasant |
| 0:43 | Peasant |
| 1:07 | Barracks |
| 1:13 | Peasant |
| 1:13 | Peasant |
| 1:35 | Peasant |
| 1:36 | Peasant |
| 1:49 | Farm |
| 2:04 | Lumber Mill |
| 2:10 | Peasant |
| 2:31 | Barracks |
| 2:47 | Farm |
| 2:49 | Footman |
| 3:01 | Scout Tower |
| 3:08 | Scout Tower |
| 3:13 | Footman |
| 3:29 | Devotion Aura |
| 3:32 | Footman |
| 3:51 | Farm |
| 3:54 | Guard Tower |
| 3:56 | Guard Tower |
| 4:00 | Keep |
| 4:03 | Footman |
| 4:09 | Footman |
| 5:10 | Blacksmith |
| 6:00 | Scout Tower |
| 6:32 | Iron Plating |
| 7:10 | Guard Tower |
| 7:15 | Scout Tower |
| 7:24 | Farm |
| 7:36 | Arcane Vault |
| 7:47 | Guard Tower |
| 8:49 | Footman |
| 8:50 | Footman |
| 8:52 | Footman |
| 8:52 | Footman |
| 9:24 | Footman |
| 9:26 | Footman |
| 9:28 | Improved Lumber Harvesting |
| 9:30 | Iron Forged Swords |
| 10:26 | Crypt Fiend |
| 10:26 | Crypt Fiend |
| 10:42 | Crypt |
| 10:51 | Ziggurat |
| 10:55 | Ziggurat |
| 10:58 | Ziggurat |
| 11:26 | Crypt Fiend |
| 11:32 | Creature Carapace |
| 12:18 | Crypt Fiend |
| 12:21 | Crypt Fiend |
| 12:30 | Scroll of Town Portal |
| 12:30 | Potion of Healing |
| 12:45 | Divine Shield |
| 12:48 | Potion of Healing |
| 12:49 | Scroll of Town Portal |
| 13:11 | Crypt Fiend |
| 13:13 | Crypt Fiend |
| 13:17 | Improved Creature Carapace |
| 13:27 | Vampiric Aura |
| 13:40 | Crypt Fiend |
| 13:42 | Crypt Fiend |
| 13:45 | Nerubian Tower |
| 13:50 | Nerubian Tower |
| 13:51 | Nerubian Tower |
| 14:01 | Nerubian Tower |
| 14:03 | Nerubian Tower |
| 14:06 | Nerubian Tower |
| 15:20 | Town Hall |
| 15:32 | Crypt Fiend |
| 15:35 | Crypt Fiend |
| 16:01 | Unholy Aura |
| 16:04 | Devotion Aura |
| 16:08 | Carrion Swarm |
| 16:40 | Crypt Fiend |
| 16:43 | Crypt Fiend |
| 16:46 | Black Citadel |
| 16:51 | Creature Attack |
| 17:47 | Crypt Fiend |
| 17:50 | Crypt Fiend |
| 19:02 | Peasant |
| 19:03 | Peasant |
| 19:30 | Crypt Fiend |
| 19:32 | Crypt Fiend |
| 19:38 | Crypt Fiend |
| 19:40 | Crypt Fiend |
| 20:04 | Improved Creature Attack |
| 20:27 | Crypt Fiend |
| 20:28 | Crypt Fiend |
| 20:35 | Ziggurat |
| Select | 168 |
| Right click | 117 |
| Build/train/purchase | 80 |
| Select group | 46 |
| Assign group | 10 |
| Use ability | 7 |
| Minimap ping | 4 |


| Scroll of Speed | 2 | 100 |
| Healing Salve | 2 | 200 |
| Lesser Clarity Potion | 2 | 140 |
| Scroll of Town Portal | 1 | 350 |
| total: | 7 | 790g |
| Peon | 23 | 1725 | / | 0 |
| Troll Batrider | 6 | 960 | / | 240 |
| total: | 29 | 2685g | / | 240w |
| Watch Tower | 27 | 2970 | / | 2160 |
| Altar of Storms | 1 | 180 | / | 50 |
| Orc Burrow | 4 | 640 | / | 160 |
| War Mill | 1 | 205 | / | 0 |
| Voodoo Lounge | 2 | 260 | / | 60 |
| Great Hall | 1 | 385 | / | 185 |
| Beastiary | 2 | 290 | / | 280 |
| Tauren Totem | 1 | 135 | / | 155 |
| Stronghold | 1 | 315 | / | 190 |
| Fortress | 1 | 325 | / | 190 |
| total: | 39 | 5065g | / | 3050w |
| 0:04 | Peon |
| 0:05 | Peon |
| 0:13 | Peon |
| 0:28 | Altar of Storms |
| 0:32 | Orc Burrow |
| 0:40 | Peon |
| 0:44 | War Mill |
| 0:59 | Voodoo Lounge |
| 1:06 | Peon |
| 1:19 | Peon |
| 1:38 | Orc Burrow |
| 1:46 | Peon |
| 1:54 | Peon |
| 2:00 | Peon |
| 2:29 | Scroll of Speed |
| 2:44 | Feral Spirit |
| 2:49 | Peon |
| 2:49 | Peon |
| 3:27 | Watch Tower |
| 3:29 | Watch Tower |
| 3:41 | Watch Tower |
| 3:43 | Watch Tower |
| 3:48 | Watch Tower |
| 3:52 | Watch Tower |
| 3:54 | Watch Tower |
| 4:28 | Watch Tower |
| 4:32 | Watch Tower |
| 4:53 | Watch Tower |
| 4:58 | Watch Tower |
| 5:14 | Watch Tower |
| 5:41 | Watch Tower |
| 5:51 | Watch Tower |
| 6:08 | Watch Tower |
| 6:31 | Chain Lighting |
| 6:36 | Voodoo Lounge |
| 6:38 | Watch Tower |
| 7:01 | Watch Tower |
| 7:17 | Watch Tower |
| 7:39 | Watch Tower |
| 8:05 | Healing Salve |
| 8:05 | Lesser Clarity Potion |
| 8:06 | Scroll of Speed |
| 8:28 | Watch Tower |
| 8:30 | Watch Tower |
| 8:58 | Watch Tower |
| 9:19 | Feral Spirit |
| 9:29 | Watch Tower |
| 9:39 | Watch Tower |
| 9:52 | Chain Lighting |
| 10:12 | Watch Tower |
| 10:30 | Watch Tower |
| 10:46 | Watch Tower |
| 11:03 | Peon |
| 11:03 | Peon |
| 11:03 | Peon |
| 11:50 | Stronghold |
| 12:45 | Great Hall |
| 13:29 | Steel Armor |
| 14:47 | Beastiary |
| 14:53 | Peon |
| 14:53 | Peon |
| 14:53 | Peon |
| 15:02 | Orc Burrow |
| 15:19 | Orc Burrow |
| 15:35 | Tauren Totem |
| 15:46 | Peon |
| 15:46 | Peon |
| 15:47 | Peon |
| 15:47 | Peon |
| 16:49 | Troll Batrider |
| 16:53 | Troll Batrider |
| 17:02 | Healing Salve |
| 17:02 | Lesser Clarity Potion |
| 17:06 | Scroll of Town Portal |
| 17:12 | Fortress |
| 17:20 | Peon |
| 17:20 | Peon |
| 17:45 | Troll Batrider |
| 17:51 | Beastiary |
| 17:55 | Endurance Aura |
| 18:13 | Troll Batrider |
| 18:40 | Troll Batrider |
| 19:01 | Troll Batrider |
| Right click | 911 |
| Select | 313 |
| Build/train/purchase | 74 |
| Misc. action | 26 |
| Use ability | 24 |
| Resource trade | 14 |
| Esc | 3 |
149 units @ 18.9k
/ 2.1k
66 buildings @ 9.8k
/ 4.5k

| Wisp | 34 | 2040 | / | 0 |
| Archer | 18 | 2340 | / | 180 |
| Dryad | 3 | 435 | / | 180 |
| total: | 55 | 4815g | / | 360w |
| Ancient Protector | 20 | 2700 | / | 1600 |
| Moon Well | 5 | 900 | / | 200 |
| Altar of Elders | 1 | 180 | / | 50 |
| Ancient of War | 1 | 150 | / | 60 |
| Hunter's Hall | 1 | 210 | / | 100 |
| Ancient of Wonders | 1 | 90 | / | 30 |
| Ancient of Lore | 1 | 155 | / | 145 |
| Chimaera Roost | 1 | 140 | / | 190 |
| Tree of Ages | 1 | 320 | / | 180 |
| Tree of Eternity | 1 | 330 | / | 200 |
| total: | 31 | 4525g | / | 2375w |
| 0:07 | Moon Well |
| 0:09 | Altar of Elders |
| 0:10 | Wisp |
| 0:10 | Wisp |
| 0:11 | Wisp |
| 0:42 | Wisp |
| 1:04 | Ancient of War |
| 1:18 | Wisp |
| 1:18 | Wisp |
| 1:34 | Moon Well |
| 1:36 | Wisp |
| 2:08 | Archer |
| 2:08 | Archer |
| 2:14 | Trueshot Aura |
| 2:30 | Wisp |
| 2:34 | Hunter's Hall |
| 2:50 | Archer |
| 3:12 | Moon Well |
| 3:23 | Wisp |
| 3:24 | Wisp |
| 3:24 | Wisp |
| 3:43 | Moon Well |
| 3:45 | Strength of the Moon |
| 3:50 | Archer |
| 4:17 | Archer |
| 4:18 | Archer |
| 5:03 | Ancient Protector |
| 5:05 | Tree of Ages |
| 5:06 | Archer |
| 5:34 | Archer |
| 5:35 | Archer |
| 6:08 | Archer |
| 6:11 | Ultravision |
| 6:34 | Ancient of Wonders |
| 6:35 | Archer |
| 6:43 | Archer |
| 7:15 | Archer |
| 7:17 | Archer |
| 7:23 | Moon Well |
| 7:26 | Wisp |
| 7:26 | Wisp |
| 8:24 | Ancient Protector |
| 8:26 | Wisp |
| 8:26 | Wisp |
| 8:26 | Wisp |
| 8:32 | Ancient Protector |
| 8:38 | Ancient Protector |
| 8:43 | Ancient Protector |
| 9:10 | Archer |
| 9:38 | Archer |
| 9:39 | Archer |
| 9:39 | Archer |
| 9:57 | Ancient Protector |
| 10:01 | Ancient Protector |
| 10:20 | Ancient Protector |
| 10:57 | Ancient Protector |
| 11:38 | Searing Arrows |
| 12:05 | Ancient Protector |
| 12:24 | Wisp |
| 12:24 | Wisp |
| 12:25 | Wisp |
| 12:25 | Wisp |
| 12:27 | Wisp |
| 12:52 | Ancient Protector |
| 12:54 | Wisp |
| 12:54 | Wisp |
| 13:14 | Ancient Protector |
| 13:23 | Wisp |
| 13:27 | Ancient Protector |
| 13:55 | Ancient of Lore |
| 14:08 | Ancient Protector |
| 14:10 | Wisp |
| 14:11 | Wisp |
| 14:25 | Ancient Protector |
| 14:39 | Wisp |
| 14:40 | Wisp |
| 14:41 | Wisp |
| 14:47 | Ancient Protector |
| 15:00 | Ancient Protector |
| 15:21 | Ancient Protector |
| 15:23 | Wisp |
| 15:23 | Wisp |
| 15:57 | Abolish Magic |
| 16:02 | Wisp |
| 16:03 | Wisp |
| 16:03 | Wisp |
| 16:08 | Ancient Protector |
| 16:13 | Ancient Protector |
| 16:44 | Dryad |
| 16:45 | Dryad |
| 16:46 | Dryad |
| 17:15 | Tree of Eternity |
| 19:35 | Strength of the Wild |
| 19:42 | Chimaera Roost |
| 20:42 | Reinforced Hides |
| 21:08 | Corrosive Breath |
| Chat | 251 |
| Select | 220 |
| Right click | 210 |
| Select group | 84 |
| Build/train/purchase | 76 |
| Assign group | 13 |
| Remove unit | 5 |
| Use ability | 3 |
| Minimap ping | 2 |

| Scroll of Regeneration | 1 | 100 |
| Potion of Healing | 2 | 300 |
| total: | 3 | 400g |
| Peasant | 7 | 525 | / | 0 |
| Footman | 11 | 1485 | / | 0 |
| total: | 18 | 2010g | / | 0w |
| Scout Tower | 2 | 60 | / | 40 |
| Arcane Tower | 1 | 70 | / | 50 |
| Guard Tower | 1 | 70 | / | 50 |
| Altar of Kings | 1 | 180 | / | 50 |
| Barracks | 1 | 160 | / | 60 |
| Farm | 2 | 160 | / | 40 |
| Arcane Vault | 1 | 130 | / | 30 |
| Lumber Mill | 1 | 120 | / | 0 |
| Keep | 1 | 320 | / | 210 |
| total: | 8 | 810g | / | 220w |
| 0:04 | Peasant |
| 0:04 | Peasant |
| 0:04 | Peasant |
| 0:07 | Altar of Kings |
| 0:14 | Barracks |
| 0:33 | Farm |
| 0:36 | Peasant |
| 0:57 | Peasant |
| 1:28 | Footman |
| 1:28 | Footman |
| 1:31 | Peasant |
| 1:36 | Farm |
| 1:42 | Arcane Vault |
| 2:21 | Blizzard |
| 2:25 | Footman |
| 2:45 | Keep |
| 2:55 | Footman |
| 3:03 | Scout Tower |
| 3:05 | Scout Tower |
| 3:46 | Arcane Tower |
| 3:47 | Scroll of Regeneration |
| 4:47 | Footman |
| 4:47 | Footman |
| 4:53 | Lumber Mill |
| 5:18 | Footman |
| 5:23 | Potion of Healing |
| 5:24 | Potion of Healing |
| 5:51 | Footman |
| 5:51 | Footman |
| 5:51 | Footman |
| 5:59 | Peasant |
| 6:07 | Guard Tower |
| 7:01 | Footman |
| Right click | 260 |
| Select | 133 |
| Select group | 97 |
| Build/train/purchase | 30 |
| Chat | 13 |
| Assign group | 8 |
| Use ability | 6 |
| Minimap ping | 1 |



| Healing Salve | 2 | 200 |
| Lesser Clarity Potion | 7 | 490 |
| Scroll of Speed | 2 | 100 |
| Tiny Great Hall | 1 | 600 |
| Orb of Lightning | 1 | 375 |
| Potion of Mana | 2 | 400 |
| Scroll of Town Portal | 1 | 350 |
| total: | 16 | 2515g |
| Peon | 13 | 975 | / | 0 |
| Troll Headhunter | 15 | 2100 | / | 300 |
| Troll Berserker | 4 | 560 | / | 80 |
| Shaman | 7 | 910 | / | 140 |
| Tauren | 2 | 560 | / | 160 |
| Troll Batrider | 1 | 160 | / | 40 |
| total: | 42 | 5265g | / | 720w |
| Altar of Storms | 1 | 180 | / | 50 |
| War Mill | 1 | 205 | / | 0 |
| Barracks | 1 | 180 | / | 50 |
| Orc Burrow | 5 | 800 | / | 200 |
| Voodoo Lounge | 1 | 130 | / | 30 |
| Spirit Lodge | 1 | 150 | / | 150 |
| Beastiary | 2 | 290 | / | 280 |
| Tauren Totem | 2 | 270 | / | 310 |
| Stronghold | 1 | 315 | / | 190 |
| Fortress | 1 | 325 | / | 190 |
| total: | 14 | 2205g | / | 1070w |
| 0:05 | Altar of Storms |
| 0:09 | War Mill |
| 0:09 | Peon |
| 0:27 | Barracks |
| 0:41 | Peon |
| 1:08 | Orc Burrow |
| 1:15 | Peon |
| 1:32 | Peon |
| 1:48 | Peon |
| 1:59 | Troll Headhunter |
| 2:09 | Orc Burrow |
| 2:22 | Troll Headhunter |
| 2:22 | Troll Headhunter |
| 2:36 | Voodoo Lounge |
| 2:44 | Peon |
| 2:58 | War Stomp |
| 3:06 | Troll Headhunter |
| 3:24 | Troll Headhunter |
| 3:34 | Peon |
| 3:49 | Troll Headhunter |
| 4:17 | Endurance Aura |
| 4:19 | Stronghold |
| 4:28 | Healing Salve |
| 4:28 | Lesser Clarity Potion |
| 4:30 | Scroll of Speed |
| 4:43 | Troll Headhunter |
| 4:58 | Orc Burrow |
| 5:22 | Troll Headhunter |
| 5:23 | Troll Headhunter |
| 5:43 | Troll Headhunter |
| 5:43 | Troll Headhunter |
| 5:57 | Troll Headhunter |
| 6:33 | Lesser Clarity Potion |
| 6:34 | Scroll of Speed |
| 7:30 | Fortress |
| 8:22 | Hex |
| 8:52 | War Stomp |
| 9:23 | Troll Headhunter |
| 9:30 | Healing Wave |
| 9:30 | Healing Wave |
| 9:34 | Troll Headhunter |
| 10:06 | Troll Headhunter |
| 10:41 | Spirit Lodge |
| 10:54 | Berserker Upgrade |
| 11:34 | Peon |
| 11:36 | Orc Burrow |
| 11:38 | Orc Burrow |
| 12:25 | Endurance Aura |
| 12:27 | Hex |
| 12:33 | Shaman Adept Training |
| 12:59 | Troll Berserker |
| 13:00 | Troll Berserker |
| 13:39 | Troll Berserker |
| 13:48 | Troll Berserker |
| 13:49 | Shaman Master Training |
| 13:53 | Beastiary |
| 13:55 | Beastiary |
| 13:57 | Lesser Clarity Potion |
| 13:59 | Lesser Clarity Potion |
| 14:01 | Healing Salve |
| 14:02 | Tiny Great Hall |
| 14:57 | Lesser Clarity Potion |
| 14:58 | Orb of Lightning |
| 15:02 | Shaman |
| 15:02 | Shaman |
| 15:06 | Tauren Totem |
| 15:15 | Tauren Totem |
| 15:22 | Peon |
| 15:23 | Peon |
| 15:23 | Peon |
| 15:23 | Peon |
| 15:24 | Peon |
| 15:45 | Howl of Terror |
| 16:39 | Tauren |
| 16:44 | Lesser Clarity Potion |
| 16:49 | Lesser Clarity Potion |
| 16:51 | Scroll of Town Portal |
| 17:38 | Shaman |
| 17:38 | Shaman |
| 17:55 | Pulverize |
| 17:57 | Tauren |
| 18:10 | Troll Batrider |
| 18:27 | War Stomp |
| 18:30 | Healing Wave |
| 18:45 | Shaman |
| 20:22 | Shaman |
| 20:22 | Shaman |
| 20:40 | Potion of Mana |
| 20:43 | Potion of Mana |
| 21:02 | Howl of Terror |
| 21:05 | Cleaving Attack |
| Right click | 1603 |
| Select | 667 |
| Select group | 647 |
| Chat | 470 |
| Misc. action | 231 |
| Build/train/purchase | 159 |
| Use ability | 34 |
| Assign group | 30 |
| Minimap ping | 9 |
| Item give/drop | 1 |


| Healing Salve | 2 | 200 |
| Lesser Clarity Potion | 2 | 140 |
| Orb of Lightning | 1 | 375 |
| Potion of Mana | 1 | 200 |
| Scroll of Town Portal | 1 | 350 |
| Periapt of Vitality | 2 | 650 |
| total: | 9 | 1915g |
| Peon | 9 | 675 | / | 0 |
| Wind Rider | 19 | 5035 | / | 760 |
| Raider | 6 | 1080 | / | 240 |
| total: | 34 | 6790g | / | 1000w |
| Altar of Storms | 1 | 180 | / | 50 |
| Orc Burrow | 7 | 1120 | / | 280 |
| Voodoo Lounge | 1 | 130 | / | 30 |
| War Mill | 1 | 205 | / | 0 |
| Great Hall | 1 | 385 | / | 185 |
| Beastiary | 2 | 290 | / | 280 |
| Stronghold | 1 | 315 | / | 190 |
| Fortress | 1 | 325 | / | 190 |
| total: | 13 | 2310g | / | 825w |
| 0:04 | Peon |
| 0:04 | Peon |
| 0:08 | Altar of Storms |
| 0:12 | Orc Burrow |
| 0:21 | Peon |
| 0:31 | Peon |
| 0:47 | Peon |
| 1:07 | Voodoo Lounge |
| 1:10 | Peon |
| 1:21 | Peon |
| 1:36 | War Mill |
| 1:39 | Peon |
| 1:54 | Peon |
| 2:13 | Feral Spirit |
| 2:20 | Stronghold |
| 2:36 | Orc Burrow |
| 2:46 | Orc Burrow |
| 3:52 | Orc Burrow |
| 4:23 | Chain Lighting |
| 4:51 | Beastiary |
| 4:55 | Beastiary |
| 5:39 | Healing Salve |
| 5:56 | Hex |
| 5:57 | Lesser Clarity Potion |
| 6:01 | Wind Rider |
| 6:03 | Wind Rider |
| 6:43 | Wind Rider |
| 6:59 | Wind Rider |
| 7:09 | Reinforced Defenses |
| 7:10 | Steel Ranged Weapons |
| 7:30 | Great Hall |
| 7:35 | Orc Burrow |
| 9:01 | Wind Rider |
| 9:17 | Feral Spirit |
| 9:20 | Healing Wave |
| 9:32 | Wind Rider |
| 10:16 | Wind Rider |
| 11:00 | Wind Rider |
| 11:33 | Chain Lighting |
| 11:36 | Healing Wave |
| 11:56 | Wind Rider |
| 12:22 | Wind Rider |
| 12:26 | Fortress |
| 12:39 | Thorium Ranged Weapons |
| 13:19 | Raider |
| 13:21 | Ensnare |
| 13:54 | Orc Burrow |
| 13:59 | Orc Burrow |
| 14:42 | Scroll of Town Portal |
| 14:44 | Wind Rider |
| 14:55 | Wind Rider |
| 14:55 | Envenomed Spears |
| 15:22 | Periapt of Vitality |
| 16:13 | Wind Rider |
| 16:22 | Orb of Lightning |
| 16:23 | Healing Salve |
| 16:23 | Potion of Mana |
| 16:27 | Lesser Clarity Potion |
| 16:49 | Wind Rider |
| 17:05 | Wind Rider |
| 17:25 | Serpent Ward |
| 17:33 | Wind Rider |
| 17:46 | Wind Rider |
| 18:19 | Feral Spirit |
| 18:38 | Wind Rider |
| 18:41 | Raider |
| 19:17 | Raider |
| 19:34 | Wind Rider |
| 19:43 | Raider |
| 20:35 | Raider |
| 20:52 | Raider |
| 21:15 | Periapt of Vitality |
| Select group | 477 |
| Right click | 387 |
| Select | 202 |
| Chat | 167 |
| Build/train/purchase | 76 |
| Misc. action | 38 |
| Assign group | 33 |
| Use ability | 29 |
| Item give/drop | 5 |
| Resource trade | 5 |
| Minimap ping | 2 |
| Remove unit | 1 |
⇛